[Event "Early-Titled-Tuesday-Blitz-May-07-2024"]
[Site "Chess.com"]
[Date "2024.05.07"]
[Round "9"]
[White "Kotlyar_K"]
[Black "tantaan"]
[Result "1-0"]
[WhiteElo "2655"]
[BlackElo "2483"]
[TimeControl "180+1"]
[EndTime "9:50:54 PDT"]
[Termination "Kotlyar_K won by resignation"]

1. d4 Nf6 2. c4 e6 3. Nc3 Bb4 4. e3 O-O 5. Bd2 d5 6. Nf3 Bxc3 7. Bxc3 Ne4 8. Rc1 Nxc3 9. Rxc3 Nd7 10. Bd3 Nf6 11.
O-O dxc4 12. Rxc4 b6 13. Ne5 c5 14. dxc5 Qd5 15. Nf3 bxc5 16. e4 Qc6 17. e5 Nd5 18. Bxh7+ Kh8 19. Rh4 Bb7 20. Be4+ Kg8 21. Ng5 g6 22.
Qf3 Qc7 23. Bxd5 Qxe5 24. Bxb7 Qxg5 25. Rg4 1-0

[Event "Early-Titled-Tuesday-Blitz-May-07-2024"]
[Site "Chess.com"]
[Date "2024.05.07"]
[Round "9"]
[White "Lestofante90"]
[Black "FXDon77"]
[Result "1/2-1/2"]
[WhiteElo "2974"]
[BlackElo "2891"]
[TimeControl "180+1"]
[EndTime "9:50:56 PDT"]
[Termination "Game drawn by agreement"]

1. d4 Nf6 2. c4 e6 3. Nf3 d5 4. Nc3 Bb4 5. Qa4+ Nc6 6. Qc2 O-O 7. Bg5 h6 8. Bh4 dxc4 9. e3 b5 10. a4 bxa4 11. Bxc4 Na5 12. Rxa4 c5 13. dxc5 Bxc5 14. Be2 Be7 15. O-O Bd7 16. Rd4 Nc6 17. Rd2 Nb4 18. Qb1 Nfd5 19. Nxd5 Nxd5 20. Bxe7 Qxe7 21. Rc1 Rfc8 22.
h3 Rxc1+ 23. Qxc1 Rc8 24. Rc2 Rxc2 25. Qxc2 Be8 26. Qc4 Qc7 27. Nd4 Qxc4 28. Bxc4 Nb6 29. Bb5 Kf8 30. Bxe8 Kxe8 31. Nc6 1/2-1/2

[Event "Early-Titled-Tuesday-Blitz-May-07-2024"]
[Site "Chess.com"]
[Date "2024.05.07"]
[Round "9"]
[White "MathiasWomacka"]
[Black "LeninGuerra"]
[Result "1-0"]
[WhiteElo "2537"]
[BlackElo "2648"]
[TimeControl "180+1"]
[EndTime "9:50:56 PDT"]
[Termination "MathiasWomacka won by resignation"]

1. e4 c5 2. Nf3 e6 3. d4 cxd4 4.
Nxd4 Nc6 5. Nc3 Qc7 6. Be2 a6 7. O-O Nf6 8. Be3 Be7 9. f4 O-O 10. e5 Ne8 11. Ne4 d6 12. Nxc6 Qxc6 13. Bd3 b5 14. Qh5 Bb7 15. Rf3 g6 16. Qh6 f5 17.
exf6 Nxf6 18. Ng5 Rf7 19. Rg3 Rg7 20. Nxe6 Nh5 21. Qxh5 gxh5 22. Rxg7+ Kh8 23. Rxh7+ Kg8 24. Rg7+ Kh8 25. Bd4 Rf8 26. Rxe7+ 1-0

[Event "Early-Titled-Tuesday-Blitz-May-07-2024"]
[Site "Chess.com"]
[Date "2024.05.07"]
[Round "9"]
[White "chess_sharparchitect"]
[Black "AnaKuchava"]
[Result "0-1"]
[WhiteElo "2257"]
[BlackElo "2208"]
[TimeControl "180+1"]
[EndTime "9:50:59 PDT"]
[Termination "AnaKuchava won on time"]

1. c4 e6 2. e4 d5 3. exd5 exd5 4. cxd5 Nf6 5. Nc3 Nxd5 6. Bc4 Nb6 7. Bb3 Be7 8. d4 O-O 9. Nf3 Bg4 10. O-O Nc6 11. Be3 a5 12. h3 Bxf3 13. Qxf3 a4 14. Bc2 Nxd4 15. Bxd4 Qxd4 16. Rad1 Qb4 17. Qxb7 Qxb2 18.
Qe4 g6 19. Ne2 Bd6 20. Nd4 Qxa2 21. Qg4 Be5 22. Rd2 Bxd4 23. Qxd4 Qc4 24. Qf6 a3 25.
Bd3 Qe6 26. Qc3 Nd5 27. Qb3 Nf4 28. Bc4 Qe5 29. Ra2 Qg5 0-1

[Event "Early-Titled-Tuesday-Blitz-May-07-2024"]
[Site "Chess.com"]
[Date "2024.05.07"]
[Round "9"]
[White "LeoWin2012"]
[Black "Zampronha1971"]
[Result "1-0"]
[WhiteElo "2337"]
[BlackElo "2446"]
[TimeControl "180+1"]
[EndTime "9:51:00 PDT"]
[Termination "LeoWin2012 won by resignation"]

1. e4 c5 2. Nf3 e6 3. d4 cxd4 4. Nxd4 Nc6 5. c4 Qc7 6. Nc3 a6 7. Be3 Nf6 8. Be2 Ne5 9. Rc1 Bb4 10. f3 Nxc4 11. Bxc4 Qxc4 12. a3 Bxc3+ 13. Rxc3 Qa2 14. Qc2 O-O 15. O-O e5 16. Nb3 d5 17. Ra1 Qxa1+ 18. Nxa1 d4 19. Bxd4 exd4 20. Rd3 Rd8 21. Nb3 Be6 22.
Nxd4 Rac8 23. Qd2 Nh5 24. Nxe6 Rxd3 25. Qxd3 fxe6 26. Qd2 g6 27. e5 Ng7 28. h3 h5 29.
Qd7 Rc5 30. Qxb7 Kh7 31. Qxa6 Rxe5 32. b4 h4 33. b5 Nh5 34. b6 Ng3 35. b7 Re1+ 36.
Kf2 Rb1 37. Qa7 Rf1+ 38. Ke3 Re1+ 39. Kd2 1-0

[Event "Early-Titled-Tuesday-Blitz-May-07-2024"]
[Site "Chess.com"]
[Date "2024.05.07"]
[Round "9"]
[White "hsd2016"]
[Black "abelmat"]
[Result "1-0"]
[WhiteElo "2326"]
[BlackElo "2022"]
[TimeControl "180+1"]
[EndTime "9:51:00 PDT"]
[Termination "hsd2016 won on time"]

1. d4 e6 2. c4 d5 3. Nc3 Nf6 4. Nf3 Be7 5. e3 Nbd7 6. Bd3 O-O 7. O-O a6 8. b3 b6 9. Bb2 Bb7 10. Rc1 c5 11. Qe2 Ne4 12. cxd5 exd5 13. Bxe4 dxe4 14.
Nd2 f5 15. Rfd1 Qe8 16. Nc4 cxd4 17. Rxd4 Bc5 18. Nd6 Qb8 19. Qc4+ Kh8 20. Nf7+ Rxf7 21. Qxf7 Bxd4 22. exd4 Nf6 23. d5 Ng4 24. g3 Nh6 25.
Qe7 Ng8 26. Qg5 Qe5 27. Na4 Qe7 28. Qxe7 Nxe7 29. Rc7 Bxd5 30. Rxe7 Rc8 31. Nxb6 Rc2 32. Re8+ Bg8 33. Be5 Rxa2 34. Re7 1-0

[Event "Early-Titled-Tuesday-Blitz-May-07-2024"]
[Site "Chess.com"]
[Date "2024.05.07"]
[Round "9"]
[White "stollenmonster"]
[Black "TenisMaster"]
[Result "1-0"]
[WhiteElo "2930"]
[BlackElo "2874"]
[TimeControl "180+1"]
[EndTime "9:51:03 PDT"]
[Termination "stollenmonster won on time"]

1. e4 e5 2. Nc3 Nf6 3. g3 d5 4. exd5 Nxd5 5. Bg2 Nxc3 6. bxc3 Bd6 7. d3 O-O 8. Ne2 Nc6 9. Rb1 Re8 10. O-O h6 11. h3 Na5 12. f4 Bd7 13. f5 Be7 14. g4 Bc6 15. Ng3 Bxg2 16. Kxg2 b6 17. Ne4 Nb7 18.
f6 Bxf6 19. Bxh6 Be7 20. Qf3 Rf8 21. g5 gxh6 22. Qh5 Bxg5 23. Rf5 Bf4 24. Rg1 Kh7 25. Nf6+ Kg7 26. Kf3+ Kh8 27. Rxf4 1-0

[Event "Early-Titled-Tuesday-Blitz-May-07-2024"]
[Site "Chess.com"]
[Date "2024.05.07"]
[Round "9"]
[White "Sokoloco"]
[Black "mind1mover"]
[Result "0-1"]
[WhiteElo "2801"]
[BlackElo "2907"]
[TimeControl "180+1"]
[EndTime "9:51:03 PDT"]
[Termination "mind1mover won by checkmate"]

1. g3 e5 2. c4 d6 3. Bg2 f5 4. d3 Nf6 5. Nf3 Be7 6. O-O O-O 7. Nc3 Nc6 8. a3 Qe8 9. b4 Nd8 10. b5 Qh5 11. e3 f4 12. exf4 Bg4 13. fxe5 Nd7 14. exd6 Bxd6 15. Bf4 Bxf4 16. h3 Bxh3 17.
gxf4 Rxf4 18. Ne4 Bxg2 19. Kxg2 Ne6 20. Ng3 Qg6 21. Re1 Raf8 22. Re3 Ng5 23. Nxg5 Rxf2+ 24. Kh3 Qxg5 25. Re4 R8f4 26. Qh5 Qf6 27. Re8+ Nf8 28. Ne4 R4f3+ 29. Kg4 Qf4# 0-1

[Event "Early-Titled-Tuesday-Blitz-May-07-2024"]
[Site "Chess.com"]
[Date "2024.05.07"]
[Round "9"]
[White "Larina_Maria"]
[Black "LLariMarc"]
[Result "0-1"]
[WhiteElo "2347"]
[BlackElo "2515"]
[TimeControl "180+1"]
[EndTime "9:51:03 PDT"]
[Termination "LLariMarc won by resignation"]

1. e4 c6 2. d4 d5 3. f3 Qb6 4. Nc3 dxe4 5. Nxe4 Nf6 6. Bc4 Nxe4 7. fxe4 Qb4+ 8. Qd2 Qxc4 9. Ne2 g6 10. O-O Bg7 11. c3 O-O 12. b3 Qe6 13. Nf4 Qd6 14. e5 Qc7 15. Ba3 Rd8 16. Qf2 Bf5 17. h3 g5 18.
Nh5 Bg6 19. Ng3 e6 20. Qe3 h6 21. Rad1 Nd7 22. Bd6 Qa5 23. Rf2 Nf8 24. Ne4 Bxe4 25.
Qxe4 Qxc3 26. Rdf1 Rd7 27. h4 Rad8 28. hxg5 hxg5 29. Rf3 Qa5 30. Rh3 Ng6 31. Rg3 Qd5 32. Qe3 Rxd6 33. exd6 Bxd4 0-1

[Event "Early-Titled-Tuesday-Blitz-May-07-2024"]
[Site "Chess.com"]
[Date "2024.05.07"]
[Round "9"]
[White "Heinza9"]
[Black "MikeWizard"]
[Result "1-0"]
[WhiteElo "2343"]
[BlackElo "2049"]
[TimeControl "180+1"]
[EndTime "9:51:06 PDT"]
[Termination "Heinza9 won by checkmate"]

1. e4 d6 2. d4 Nf6 3. Nc3 Nbd7 4.
f4 e5 5. Nf3 exd4 6. Nxd4 Be7 7. Bd3 c6 8. Be3 Nc5 9. h3 Nxd3+ 10. Qxd3 Qa5 11. O-O O-O 12. a3 Qc7 13. Rae1 b5 14. Nf3 a6 15. e5 dxe5 16. fxe5 Nd5 17. Nxd5 cxd5 18. c3 Bb7 19. Bd4 Bc5 20. Ng5 g6 21.
Qg3 Bxd4+ 22. cxd4 h6 23. Nf3 Kg7 24. h4 h5 25. Qf4 Qe7 26. Ng5 Bc8 27. e6 Bxe6 28.
Qe5+ Kg8 29. Rf6 Qe8 30. Nxe6 fxe6 31. Rxe6 Qf7 32. Qg5 Qf2+ 33. Kh1 Rf5 34. Rxg6+ Kf7 35. Rg7+ Kf8 36. Qe7# 1-0

[Event "Early-Titled-Tuesday-Blitz-May-07-2024"]
[Site "Chess.com"]
[Date "2024.05.07"]
[Round "9"]
[White "Gareth-Bale11"]
[Black "kemelgallo"]
[Result "1-0"]
[WhiteElo "2899"]
[BlackElo "2654"]
[TimeControl "180+1"]
[EndTime "9:51:07 PDT"]
[Termination "Gareth-Bale11 won by resignation"]

1. e4 e5 2. Nf3 Nc6 3. Bb5 a6 4. Ba4 Nf6 5. d3 b5 6. Bb3 Bc5 7. c3 d6 8. Bg5 h6 9. Bh4 g5 10. Bg3 Bb6 11. a4 Bg4 12. Nbd2 O-O 13. h4 Nh5 14.
hxg5 Nxg3 15. fxg3 hxg5 16. Bd5 Ne7 17. Bxa8 Qxa8 18.
axb5 Kg7 19. bxa6 Rb8 20. Qa4 Ba7 21. O-O-O f6 22. Kc2 d5 23. Rh2 Rh8 24. Rxh8 Qxh8 25. Qb4 Qd8 26. Qb7 Nc8 27. Qxd5 Qe8 28. Qb7 Be6 29. Qxc7+ Kg6 30. Rh1 Bf7 31. Nc4 Qa4+ 32. Kb1 Qxa6 33. Ncxe5+ 1-0

[Event "Early-Titled-Tuesday-Blitz-May-07-2024"]
[Site "Chess.com"]
[Date "2024.05.07"]
[Round "9"]
[White "twofoxniel"]
[Black "alpope"]
[Result "0-1"]
[WhiteElo "2655"]
[BlackElo "2543"]
[TimeControl "180+1"]
[EndTime "9:51:16 PDT"]
[Termination "alpope won by resignation"]

1. e4 d6 2. d4 Nf6 3. Nc3 e5 4. Nf3 Nbd7 5. Bc4 Be7 6. O-O O-O 7. Re1 c6 8. Bg5 h6 9. Bh4 Re8 10. a4 Qc7 11. Qd2 Nf8 12. Rad1 Ng6 13. Bg3 Bf8 14. h3 Nh5 15. Bh2 Nhf4 16. Qe3 Qe7 17. Rd2 Qf6 18. dxe5 dxe5 19. Red1 b6 20. Bg3 Bc5 21.
Qe1 Nxh3+ 22. Kf1 Ng5 23. Nxg5 Qxg5 24. Be2 Nf4 25. Bf3 Bg4 26. Bxf4 exf4 27. Bxg4 Qxg4 28. Qe2 Qh4 29. Kg1 g5 30. Qf3 Re6 31. Rd7 Rf6 32. e5 g4 33. Qe2 f3 34. exf6 fxe2 35. Nxe2 Qxf2+ 0-1

[Event "Early-Titled-Tuesday-Blitz-May-07-2024"]
[Site "Chess.com"]
[Date "2024.05.07"]
[Round "9"]
[White "TitarovVasiliYouTube"]
[Black "ErikRonka"]
[Result "1-0"]
[WhiteElo "2621"]
[BlackElo "2510"]
[TimeControl "180+1"]
[EndTime "9:51:16 PDT"]
[Termination "TitarovVasiliYouTube won by resignation"]

1. c4 c6 2. g3 d5 3. cxd5 cxd5 4. Bg2 Nf6 5. Nf3 Nc6 6. d4 Bf5 7. O-O e6 8. Nc3 Be7 9. a3 O-O 10. Bf4 h6 11. Rc1 Rc8 12. b4 Nd7 13. Na4 a5 14. b5 Na7 15. Qb3 Nb6 16. Ne5 Bd6 17. Nxb6 Rxc1 18. Rxc1 Bxe5 19. Bxe5 Qxb6 20. a4 Rc8 21. Rxc8+ Nxc8 22. Qc3 Nd6 23. Qc5 Nc4 24. Qc8+ Kh7 25. e3 Nxe5 26. dxe5 Be4 27. Bxe4+ dxe4 28. Qc4 Qd8 29.
Qxe4+ g6 30. Qxb7 Qd1+ 31. Kg2 Qxa4 32. Qxf7+ Kh8 33. Qxg6 Qe4+ 34. Qxe4 1-0

[Event "Early-Titled-Tuesday-Blitz-May-07-2024"]
[Site "Chess.com"]
[Date "2024.05.07"]
[Round "9"]
[White "Yan_Dyomin2010"]
[Black "IMchanged"]
[Result "0-1"]
[WhiteElo "2610"]
[BlackElo "2768"]
[TimeControl "180+1"]
[EndTime "9:51:18 PDT"]
[Termination "IMchanged won by checkmate"]

1. e4 c5 2. Nf3 d6 3. d4 cxd4 4. Qxd4 Nc6 5. Bb5 Bd7 6. Bxc6 Bxc6 7. Nc3 Nf6 8. Bg5 e6 9. O-O-O Be7 10. Rhe1 O-O 11. Kb1 Qa5 12. Qd2 h6 13. Bh4 Rfc8 14.
Nd4 Qb6 15. f3 d5 16. e5 Ba3 17. Nb3 Nd7 18. bxa3 a5 19. Qd4 Qa6 20. Qd3 Qb6 21. Ka1 a4 22. Nd4 Nc5 23. Qe3 Qa5 24. Rb1 Be8 25.
Rb4 Na6 26. Reb1 Nxb4 27. Rxb4 Rc7 28. Be1 Qa6 29. Qd3 Rc4 30. Rxc4 dxc4 31. Qe3 Rd8 32.
Nde2 Qa5 33. Bf2 Rc8 34. Qb6 Qxe5 35. Qxb7 Rd8 36. Qe4 Rd1+ 37. Kb2 Qb8+ 38. Nb5 Qxb5+ 39. Kc3 Qb1 40. Qa8 Qa1+ 41. Kb4 Qb2+ 42. Ka5 Qb5# 0-1

[Event "Early-Titled-Tuesday-Blitz-May-07-2024"]
[Site "Chess.com"]
[Date "2024.05.07"]
[Round "9"]
[White "Baku_Boulevard"]
[Black "kpio91"]
[Result "1/2-1/2"]
[WhiteElo "3010"]
[BlackElo "2876"]
[TimeControl "180+1"]
[EndTime "9:51:22 PDT"]
[Termination "Game drawn by agreement"]

1. e4 e5 2. Nf3 Nc6 3. Bb5 Nf6 4. Qe2 d6 5. c3 Bd7 6. d4 Be7 7. Nbd2 exd4 8. cxd4 O-O 9. O-O Bg4 10. Qd3 a6 11.
Bxc6 bxc6 12. h3 Bh5 13. Re1 Bg6 14. Nh4 Nd7 15. Nxg6 hxg6 16. Nf3 Re8 17. Bd2 c5 18. Rac1 Bf6 19. e5 dxe5 20. dxc5 Nxc5 21. Qxd8 Raxd8 22. Rxc5 e4 23. Bc3 exf3 24. Rxe8+ Rxe8 25. Rxc7 Bxc3 26. Rxc3 Re1+ 27. Kh2 Re2 28. Rxf3 Rxb2 29. Ra3 Rxf2 30. Rxa6 g5 1/2-1/2

[Event "Early-Titled-Tuesday-Blitz-May-07-2024"]
[Site "Chess.com"]
[Date "2024.05.07"]
[Round "9"]
[White "Tonychess32"]
[Black "Evan_Attaker"]
[Result "0-1"]
[WhiteElo "2501"]
[BlackElo "2630"]
[TimeControl "180+1"]
[EndTime "9:51:22 PDT"]
[Termination "Evan_Attaker won on time"]

1. e4 d6 2. d4 Nf6 3. Nc3 g6 4. f4 Bg7 5. Nf3 O-O 6. Bd3 Na6 7. O-O c5 8. e5 Nd7 9. Be3 cxd4 10. Bxd4 dxe5 11. fxe5 Nxe5 12. Bxe5 Bxe5 13. Nxe5 Qd4+ 14.
Kh1 Qxe5 15. Qf3 Nc5 16. Rae1 Qg5 17. Nd5 Be6 18. Nf4 Rad8 19. Nxe6 fxe6 20. Qe2 Rxf1+ 21. Rxf1 Rf8 22. Rxf8+ Kxf8 23. h3 Qc1+ 24. Kh2 Qf4+ 25. Kh1 Kf7 26. a3 a5 27. b4 axb4 28. axb4 Qxb4 29. Qf2+ Kg7 30. Qe3 Qc3 31. Qf3 Qa1+ 32.
Kh2 Qe5+ 33. Kh1 b6 34. Qf1 Qd5 35. Qe2 Nxd3 36. cxd3 e5 37. Qc2 b5 38. Qc7 Qd6 39. Qc3 b4 40. Qc4 h5 0-1

[Event "Early-Titled-Tuesday-Blitz-May-07-2024"]
[Site "Chess.com"]
[Date "2024.05.07"]
[Round "9"]
[White "Szparu"]
[Black "Juicy_Fork"]
[Result "1-0"]
[WhiteElo "2924"]
[BlackElo "2462"]
[TimeControl "180+1"]
[EndTime "9:51:23 PDT"]
[Termination "Szparu won on time"]

1. d4 Nf6 2. c4 e6 3. Nf3 d5 4. g3 Bb4+ 5. Nc3 O-O 6. Bg2 dxc4 7. a3 Bxc3+ 8. bxc3 c6 9. Ne5 Nd5 10. Qc2 b5 11. a4 a5 12. h4 b4 13. cxb4 Nxb4 14. Qxc4 Ba6 15. Qc3 Qxd4 16. Ra3 Qxc3+ 17. Rxc3 f6 18. Nf3 Nd7 19. Nd4 Rac8 20. Be3 Rfe8 21. Nb3 Nd5 22. Rc2 Rb8 23. Nxa5 Ne5 24. Bd4 Nb4 25.
Rc1 Na2 26. Rd1 Nc4 27. Nxc6 Rb3 28. O-O Nc3 29. Bxc3 Rxc3 30. Rc1 Rxc1 31. Rxc1 Nb2 32. a5 Bxe2 33. Rc2 Na4 34. Rxe2 1-0

[Event "Early-Titled-Tuesday-Blitz-May-07-2024"]
[Site "Chess.com"]
[Date "2024.05.07"]
[Round "9"]
[White "GMKrikor"]
[Black "SharapovEvgeny"]
[Result "0-1"]
[WhiteElo "2829"]
[BlackElo "2650"]
[TimeControl "180+1"]
[EndTime "9:51:23 PDT"]
[Termination "SharapovEvgeny won by checkmate"]

1. Nf3 c5 2. c4 Nc6 3. Nc3 e5 4.
e3 Nf6 5. d4 cxd4 6. exd4 e4 7.
Ne5 Bb4 8. Be2 Qa5 9. O-O Nxe5 10. dxe5 Qxe5 11. Be3 Bxc3 12. bxc3 O-O 13. Qd4 d6 14.
Rfd1 Bg4 15. Qxe5 dxe5 16. Bxg4 Nxg4 17. Rd7 Nxe3 18. fxe3 b6 19. c5 Rfc8 20. Rf1 f6 21. Rfd1 Rxc5 22. Re7 Kh8 23. Rdd7 Rg8 24. Rxa7 Rxc3 25.
Kf2 h5 26. h4 Kh7 27. Re6 Kg6 28. Rxb6 Rd8 29. Rbb7 Rd2+ 30. Ke1 Rcc2 31. Rxg7+ Kf5 32.
Raf7 Re2+ 33. Kd1 Rcd2+ 34. Kc1 Rxa2 35. Rg5+ Ke6 36. Rgg7 Ra1# 0-1

[Event "Early-Titled-Tuesday-Blitz-May-07-2024"]
[Site "Chess.com"]
[Date "2024.05.07"]
[Round "9"]
[White "jaramsdal"]
[Black "Ati1517"]
[Result "0-1"]
[WhiteElo "2390"]
[BlackElo "2277"]
[TimeControl "180+1"]
[EndTime "9:51:24 PDT"]
[Termination "Ati1517 won by checkmate"]

1. Nf3 Nf6 2. b3 g6 3. Bb2 Bg7 4. e3 O-O 5. d4 d6 6. Nbd2 Nbd7 7. e4 b6 8. Bd3 Bb7 9. O-O c5 10. Qe2 cxd4 11. Nxd4 Nc5 12. Rfe1 Rc8 13. Rad1 Nfd7 14. b4 Nxd3 15. Qxd3 Ne5 16. Qb3 Qc7 17. c3 Nd3 18. Re3 Nxb2 19. Qxb2 a6 20. a4 e5 21. N4b3 f5 22. f3 Bh6 23. Rd3 fxe4 24. Nxe4 d5 25. Rxd5 Bxd5 26. Rxd5 Be3+ 27. Kh1 Qc4 28. Rd1 Rcd8 29.
Qc2 Kg7 30. h4 Rf4 31. g3 Rxf3 32. Rxd8 Qf1+ 33. Kh2 Bg1+ 34. Kh1 Bf2+ 35. Kh2 Qg1+ 36. Kh3 Rxg3+ 37. Nxg3 Qxg3# 0-1

[Event "Early-Titled-Tuesday-Blitz-May-07-2024"]
[Site "Chess.com"]
[Date "2024.05.07"]
[Round "9"]
[White "Ryukchess81"]
[Black "juanchesst"]
[Result "0-1"]
[WhiteElo "2430"]
[BlackElo "2675"]
[TimeControl "180+1"]
[EndTime "9:51:26 PDT"]
[Termination "juanchesst won by resignation"]

1. d4 Nf6 2. Bf4 d5 3. e3 c6 4. c4 g6 5. Nc3 Bg7 6. Qb3 O-O 7. cxd5 Nxd5 8. Nxd5 cxd5 9. Nf3 Nc6 10. Be2 Qa5+ 11. Qc3 Qxc3+ 12. bxc3 Bd7 13. Rb1 Na5 14. O-O Rfc8 15.
Rfc1 e6 16. Ne5 Be8 17. Bb5 Bxb5 18. Rxb5 b6 19. Kf1 Bxe5 20. Bxe5 Rc4 21. Ke2 Rac8 22. Kd3 Ra4 23. Rc2 Nc4 24. Bf6 Na3 25. Rbb2 Nxc2 26. Rxc2 Kf8 27. f3 Ke8 28. e4 Kd7 29. h4 h5 30. g4 Kd6 31. e5+ Kd7 32. Bg5 Ra3 33.
Bd2 b5 34. Bc1 Ra4 35. Rg2 Rac4 36. Bd2 Ra4 37. Bc1 Rc6 38. gxh5 gxh5 39. Rg5 Rxa2 40.
Rxh5 b4 41. Bd2 b3 42. Rh7 b2 43. Rxf7+ Kc8 44. Rf8+ Kb7 45. Rf7+ Ka6 46. Kc2 Rb6 0-1

[Event "Early-Titled-Tuesday-Blitz-May-07-2024"]
[Site "Chess.com"]
[Date "2024.05.07"]
[Round "9"]
[White "Boundless_Strike"]
[Black "Kirill_Klukin"]
[Result "1-0"]
[WhiteElo "2693"]
[BlackElo "2842"]
[TimeControl "180+1"]
[EndTime "9:51:28 PDT"]
[Termination "Boundless_Strike won by resignation"]

1. d4 e6 2. e4 d5 3. Be3 Nf6 4. e5 Nfd7 5. f4 c5 6. c3 Nc6 7.
Nf3 a6 8. Bd3 b5 9. O-O g6 10.
Nbd2 b4 11. Kh1 a5 12. c4 cxd4 13. Nxd4 Nxd4 14. Bxd4 Nc5 15. Bxc5 Bxc5 16. cxd5 Qxd5 17. Be4 Qd8 18. Bxa8 Bd7 19. Bf3 Bb5 20. Be2 Bd7 21. Ne4 Be7 22. Nd6+ Kf8 23. Bb5 Bxb5 24. Nxb5 Qb6 25.
Qd7 Bc5 26. Nd6 Qa7 27. Qxa7 Bxa7 28. Rac1 1-0

[Event "Early-Titled-Tuesday-Blitz-May-07-2024"]
[Site "Chess.com"]
[Date "2024.05.07"]
[Round "9"]
[White "emeli_chess"]
[Black "Aklan10n"]
[Result "1-0"]
[WhiteElo "2426"]
[BlackElo "2229"]
[TimeControl "180+1"]
[EndTime "9:51:28 PDT"]
[Termination "emeli_chess won on time"]

1. d4 f5 2. e4 fxe4 3. Nc3 Nf6 4. Bg5 d5 5. Bxf6 exf6 6. Qh5+ g6 7. Qxd5 Qe7 8. Qxe4 Qxe4+ 9. Nxe4 f5 10. Nc3 Bg7 11.
O-O-O O-O 12. Nf3 c6 13. Bc4+ Kh8 14. Ng5 h6 15. Ne6 Bxe6 16. Bxe6 Na6 17. Bc4 Nc7 18.
d5 b5 19. d6 bxc4 20. dxc7 Rac8 21. Rd7 Be5 22. Re1 Rfe8 23. g3 Bf4+ 24. Kd1 Rxe1+ 25.
Kxe1 Bxc7 26. Ne2 Be5 27. Rxa7 Bxb2 28. c3 Rb8 29. Kd2 Ba1 30. Nf4 Rb2+ 31. Ke3 1-0

[Event "Early-Titled-Tuesday-Blitz-May-07-2024"]
[Site "Chess.com"]
[Date "2024.05.07"]
[Round "9"]
[White "MiguelBestard1981"]
[Black "NovakRatko"]
[Result "0-1"]
[WhiteElo "2183"]
[BlackElo "2408"]
[TimeControl "180+1"]
[EndTime "9:51:28 PDT"]
[Termination "NovakRatko won by resignation"]

1. d4 d5 2. Bf4 c5 3. e3 Nc6 4.
c3 cxd4 5. exd4 f6 6. Nf3 Bg4 7. Bb5 e6 8. h3 Bh5 9. g4 Bf7 10. Qe2 Bd6 11. Bxd6 Qxd6 12. Nbd2 Ne7 13. Bd3 Ng6 14.
Qe3 Nf4 15. Bf1 O-O 16. O-O-O a6 17. h4 b5 18. a3 Rab8 19. g5 a5 20. gxf6 gxf6 21.
Rg1+ Kh8 22. Rg4 Nh5 23. Qh6 Rg8 24. Bd3 f5 25. Rdg1 Rxg4 26. Rxg4 Qf8 27. Qxf8+ Rxf8 28.
Rg5 b4 29. axb4 axb4 30. Bb5 Na7 31. Bd7 bxc3 32. bxc3 h6 33. Rg1 Nf4 34. Ne5 Ne2+ 35. Kd1 Nxg1 36. Ke1 Nh3 37. Ndf3 Nf4 38. Nxf7+ Rxf7 39. Ne5 Re7 40. Kd2 Kg7 41. Ke3 Ng6 42. Ba4 Nxh4 43. c4 Ng6 44. c5 Nxe5 45. dxe5 Rc7 46.
Kd4 Kg6 0-1

[Event "Early-Titled-Tuesday-Blitz-May-07-2024"]
[Site "Chess.com"]
[Date "2024.05.07"]
[Round "9"]
[White "Cheer_Down"]
[Black "Chesmc"]
[Result "1-0"]
[WhiteElo "2478"]
[BlackElo "2153"]
[TimeControl "180+1"]
[EndTime "9:51:36 PDT"]
[Termination "Cheer_Down won by resignation"]

1. e4 Nf6 2. e5 Nd5 3. c4 Nb6 4. d4 d6 5. f4 dxe5 6. fxe5 Bf5 7. Nc3 e6 8. Be3 Nc6 9. Nf3 Be7 10. Be2 O-O 11. O-O f6 12. exf6 Bxf6 13. Qd2 Qe7 14. Kh1 Rad8 15. Rad1 Rd7 16. c5 Nd5 17. Bg1 Rfd8 18.
Bb5 Bg4 19. h3 Bxf3 20. Rxf3 a6 21. Bxc6 bxc6 22. Ne4 Rf8 23. Rdf1 Rdd8 24. Qa5 Bh4 25. Qxa6 Rxf3 26. Rxf3 Nf6 27. Qxc6 h6 28. b4 Nxe4 29. Qxe4 Bf6 30. b5 Qd7 31. a4 Qd5 32. Qxd5 Rxd5 33. Rb3 Bxd4 34. Bxd4 Rxd4 35. b6 cxb6 36. cxb6 1-0

[Event "Early-Titled-Tuesday-Blitz-May-07-2024"]
[Site "Chess.com"]
[Date "2024.05.07"]
[Round "9"]
[White "Arhan_Anand"]
[Black "francyIM"]
[Result "0-1"]
[WhiteElo "2618"]
[BlackElo "2799"]
[TimeControl "180+1"]
[EndTime "9:51:38 PDT"]
[Termination "francyIM won by resignation"]

1. d4 d5 2. c4 c6 3. Nc3 Nf6 4. e3 a6 5. Nf3 Bf5 6. a4 e6 7. c5 a5 8. Bd3 Bxd3 9. Qxd3 Nbd7 10.
O-O b6 11. cxb6 Qxb6 12. e4 Bb4 13. e5 Ng8 14. Ne1 Ne7 15. Nc2 O-O 16. Bg5 Ng6 17. Kh1 c5 18. Nb5 cxd4 19. Nxb4 axb4 20. Qxd4 Qxd4 21.
Nxd4 Ndxe5 22. b3 Rfc8 23. Rfd1 h6 24. Bd2 Nd3 25. Kg1 e5 26. Nb5 e4 27. Re1 Nge5 28.
Red1 Nc6 29. Be3 Na5 30. Rab1 Rc3 31. Nd4 Rac8 32. Bd2 R3c5 33. Kf1 h5 34. Nf5 R5c7 35. Nd4 g6 36. Be1 f5 37. Ke2 Kf7 38. Rxd3 exd3+ 39. Kxd3 Rc3+ 40. Bxc3 Rxc3+ 41. Kd2 Kf6 42. Rb2 h4 43. h3 g5 44. Ke2 g4 45. f3 Ke5 46. Nc2 gxf3+ 47. gxf3 Nc6 48. Ra2 Rxb3 49.
a5 Rc3 50. Rb2 b3 51. Ne1 Nxa5 52. Kd2 Kd4 0-1

[Event "Early-Titled-Tuesday-Blitz-May-07-2024"]
[Site "Chess.com"]
[Date "2024.05.07"]
[Round "9"]
[White "BeReal24"]
[Black "sterpfi"]
[Result "0-1"]
[WhiteElo "2481"]
[BlackElo "2335"]
[TimeControl "180+1"]
[EndTime "9:51:38 PDT"]
[Termination "sterpfi won by resignation"]

1. c4 e6 2. Nf3 d5 3. d4 Nf6 4. g3 dxc4 5. Bg2 c5 6. O-O Nc6 7. Qa4 Bd7 8. Qxc4 b5 9. Qd3 c4 10. Qd1 Rc8 11. a4 b4 12. Nbd2 Na5 13. Ne5 c3 14.
bxc3 bxc3 15. Nb3 Bb4 16. Nc5 Bxc5 17. dxc5 Rxc5 18. Qd4 Qc7 19. Nxd7 Nxd7 20. Ba3 Rc4 21. Qxg7 Qe5 22. Qh6 c2 23. Qd2 Nb3 24. Qd3 Rc3 25.
Qa6 Nxa1 26. Bb2 Nb3 27. f4 Qc5+ 28. Kh1 O-O 29. Bc1 Nxc1 30. Rxc1 Qe3 31. Rg1 c1=Q 32. Rxc1 Rxc1+ 0-1

[Event "Early-Titled-Tuesday-Blitz-May-07-2024"]
[Site "Chess.com"]
[Date "2024.05.07"]
[Round "9"]
[White "VacheH009"]
[Black "nochewycandy"]
[Result "0-1"]
[WhiteElo "2575"]
[BlackElo "2802"]
[TimeControl "180+1"]
[EndTime "9:51:40 PDT"]
[Termination "nochewycandy won by resignation"]

1. d4 g6 2. c4 Bg7 3. Nc3 d6 4. e4 e5 5. d5 a5 6. Bd3 Na6 7. Bc2 Bh6 8. Bxh6 Nxh6 9. Qd2 Ng8 10. O-O-O Nc5 11. f4 exf4 12. Qxf4 Qf6 13. Qxf6 Nxf6 14.
Nf3 O-O 15. Nb5 Na6 16. e5 dxe5 17. Nxe5 Re8 18. Rde1 Bd7 19. Nd4 Nc5 20. Rhf1 Kg7 21. g4 Bxg4 22. Rxf6 Rxe5 23. Rxf7+ Kxf7 24. Rxe5 Re8 25. Rxe8 Kxe8 26. Kd2 Ke7 27. Ke3 Bd7 28. h4 Kf6 29.
Kf4 h6 30. Nf3 b5 31. cxb5 Bxb5 32. Nd4 Bc4 33. Nc6 Bxa2 34. Nxa5 Bxd5 35. b4 Na6 36. b5 Nc5 37. Bd1 g5+ 38. hxg5+ hxg5+ 39. Ke3 Ke5 40. Be2 Ne6 41. Bc4 Nd4 42. Bxd5 Kxd5 43. Nb7 Nxb5 44.
Nd8 Nd6 45. Kf3 c5 46. Ke3 c4 47. Kf3 g4+ 48. Kxg4 c3 49. Kf3 c2 50. Ke2 c1=Q 0-1

[Event "Early-Titled-Tuesday-Blitz-May-07-2024"]
[Site "Chess.com"]
[Date "2024.05.07"]
[Round "9"]
[White "BashirliSaadat"]
[Black "Silent-Killer100"]
[Result "0-1"]
[WhiteElo "2392"]
[BlackElo "2552"]
[TimeControl "180+1"]
[EndTime "9:51:42 PDT"]
[Termination "Silent-Killer100 won by resignation"]

1. d4 b6 2. e4 Bb7 3. Bd3 g6 4. Nf3 Bg7 5. O-O e6 6. Qe2 Ne7 7. Nc3 O-O 8. Be3 d6 9. Nd2 e5 10. dxe5 dxe5 11. Rad1 Nbc6 12. Nb3 Nd4 13. Bxd4 exd4 14.
Bc4 c5 15. Nb1 Qc7 16. N1d2 Rad8 17. Nf3 Qc6 18. Nbd2 h6 19. Bb5 Qc7 20. Ba6 Kh7 21. Bxb7 Qxb7 22. a4 f5 23. exf5 Nxf5 24. Nc4 Rfe8 25.
Qd3 Re7 26. Rfe1 Rde8 27. Rxe7 Rxe7 28. g4 Ne3 29. fxe3 Qxf3 30. Rf1 Qxg4+ 31. Kh1 dxe3 32.
Nxe3 Qxa4 33. c4 Qc6+ 34. Nd5 Rd7 35. Rg1 Bxb2 36. Rf1 Bg7 37. Kg1 b5 38. Qc2 bxc4 39. Nf4 Bd4+ 0-1